[Event "Early-Titled-Tuesday-Blitz-April-02-2024"]
[Site "Chess.com"]
[Date "2024.04.02"]
[Round "6"]
[White "whiteglovethief"]
[Black "LeninGuerra"]
[Result "0-1"]
[WhiteElo "2558"]
[BlackElo "2724"]
[TimeControl "180+1"]
[EndTime "9:05:16 PDT"]
[Termination "LeninGuerra won by resignation"]

1. d4 Nf6 2. c4 c5 3. d5 b5 4. cxb5 a6 5. e3 d6 6. Nc3 g6 7. a4 Bg7 8. e4 O-O 9. Nf3 axb5 10.
Bxb5 Ba6 11. Bg5 h6 12. Be3 Nbd7 13. O-O Nb6 14. Qe2 Bxb5 15. axb5 Qc7 16. Ra6 Ng4 17. Rfa1 Nxe3 18. Qxe3 Rab8 19. Nd2 Rb7 20. Qd3 c4 21. Qe3 Rfb8 22. h3 Nd7 23. Rc6 Qd8 24. Nxc4 Kh7 25. Rc1 Bxc3 26. Qxc3 Rxb5 27. Rc2 Rb3 28. Qd4 R8b4 29.
f4 Nb8 30. Nd2 Nxc6 31. dxc6 Rxd4 32. c7 Qxc7 0-1

[Event "Early-Titled-Tuesday-Blitz-April-02-2024"]
[Site "Chess.com"]
[Date "2024.04.02"]
[Round "6"]
[White "Yan_Dyomin2010"]
[Black "m_ezat"]
[Result "1-0"]
[WhiteElo "2693"]
[BlackElo "2553"]
[TimeControl "180+1"]
[EndTime "9:05:16 PDT"]
[Termination "Yan_Dyomin2010 won on time"]

1. e4 e5 2. Nc3 Nf6 3. d4 exd4 4. Qxd4 Nc6 5. Qd3 Bb4 6. Bd2 O-O 7. O-O-O Re8 8. Nge2 d6 9. Bg5 Be6 10. a3 Ba5 11. f4 h6 12. Bh4 Bg4 13. h3 Bxe2 14. Nxe2 g5 15. fxg5 Nxe4 16. Ng3 Nf2 17. Qf5 Nxd1 18. Bd3 Re5 19. Qh7+ Kf8 20. Qh8+ Ke7 21.
gxh6+ f6 22. Bxf6+ Kd7 23. Bxd8 Rxd8 24. Qg7+ Kc8 25.
Qg4+ Kb8 26. Rxd1 Bb6 27. h7 Re7 28. Kb1 Ne5 29. Qg8 Ree8 30. Qg7 Bd4 31. c3 Bb6 32. Nf5 a6 33. Ne7 Be3 34. Ng8 1-0

[Event "Early-Titled-Tuesday-Blitz-April-02-2024"]
[Site "Chess.com"]
[Date "2024.04.02"]
[Round "6"]
[White "Savagelittlemole"]
[Black "bilelou"]
[Result "0-1"]
[WhiteElo "2524"]
[BlackElo "2664"]
[TimeControl "180+1"]
[EndTime "9:05:16 PDT"]
[Termination "bilelou won by resignation"]

1. e4 c5 2. Ne2 Nc6 3. g3 d5 4. Bg2 e6 5. exd5 exd5 6. d4 Nf6 7. O-O Be7 8. dxc5 Bxc5 9. Nd2 O-O 10. Nb3 Bb6 11.
Ned4 h6 12. h3 Re8 13. c3 Ne4 14. Bf4 Qf6 15. Nxc6 bxc6 16. Nd4 Ba6 17. Re1 Nxf2 18. Kxf2 g5 19. Qf3 gxf4 20. Qxf4 Qxf4+ 21. gxf4 Bd3 22. Re3 Rxe3 23. Kxe3 Bg6 24. Re1 c5 25. Nb3 d4+ 26. Kd2 Rd8 27. cxd4 c4 28. Nc1 Ba5+ 29. Ke2 Re8+ 0-1

[Event "Early-Titled-Tuesday-Blitz-April-02-2024"]
[Site "Chess.com"]
[Date "2024.04.02"]
[Round "6"]
[White "viviania"]
[Black "wqws"]
[Result "1-0"]
[WhiteElo "2900"]
[BlackElo "2725"]
[TimeControl "180+1"]
[EndTime "9:05:19 PDT"]
[Termination "viviania won by resignation"]

1. Nf3 Nf6 2. g3 g6 3. Bg2 Bg7 4. c4 O-O 5. Nc3 c5 6. d4 d6 7. d5 a6 8. a4 Bf5 9. Nd2 h5 10.
h3 a5 11. e4 Bc8 12. O-O e5 13. f4 h4 14. fxe5 Nh5 15. g4 Ng3 16.
Re1 Bxe5 17. Nf3 Bf6 18. Bf4 Re8 19. Qd2 Ra6 20. e5 dxe5 21. Bxe5 Bxe5 22. Rxe5 Rxe5 23. Nxe5 Nd7 24. Re1 Nxe5 25. Rxe5 Kg7 26. Qe3 Qf6 27. g5 Qd6 28. Nb5 Qf8 29. Re8 Re6 30. Qc3+ 1-0

[Event "Early-Titled-Tuesday-Blitz-April-02-2024"]
[Site "Chess.com"]
[Date "2024.04.02"]
[Round "6"]
[White "esrosenberg"]
[Black "rhwr"]
[Result "1/2-1/2"]
[WhiteElo "2480"]
[BlackElo "2260"]
[TimeControl "180+1"]
[EndTime "9:05:19 PDT"]
[Termination "Game drawn by agreement"]

1. d4 c5 2. d5 d6 3. e4 Nf6 4. Nc3 g6 5. Be2 Bg7 6. Nf3 O-O 7. O-O a6 8. a4 e6 9. dxe6 Bxe6 10. Bf4 Ne8 11. Qd2 Nc6 12. Rfd1 Nd4 13. Nxd4 cxd4 14. Nd5 Bxd5 15. exd5 Nc7 16. Bf3 a5 17.
Bh6 Na6 18. Bxg7 Kxg7 19. Qxd4+ Qf6 20. c3 Nc5 21. Qxf6+ Kxf6 22. Re1 Rfe8 23. Be2 Re5 24. Bb5 Rxd5 25. Rad1 Rxd1 26. Rxd1 Ke7 27. f3 Ne6 28. g3 Rc8 29. Kf2 Rc5 30. f4 h5 31. Kf3 h4 32.
g4 g5 33. f5 Nf4 34. Re1+ Re5 35. Rxe5+ dxe5 36. b4 axb4 37. cxb4 Nd5 38. Ke4 Nxb4 39. Kxe5 f6+ 40. Kd4 Kd6 41. Be2 1/2-1/2

[Event "Early-Titled-Tuesday-Blitz-April-02-2024"]
[Site "Chess.com"]
[Date "2024.04.02"]
[Round "6"]
[White "martinmena"]
[Black "kai_nov"]
[Result "0-1"]
[WhiteElo "2163"]
[BlackElo "2341"]
[TimeControl "180+1"]
[EndTime "9:05:19 PDT"]
[Termination "kai_nov won on time"]

1. c4 e5 2. g3 Nf6 3. Bg2 c6 4. d4 exd4 5. Qxd4 d5 6. Nc3 Bb4 7. cxd5 Bxc3+ 8. Qxc3 cxd5 9. Nf3 Nc6 10. Bg5 d4 11. Qd2 h6 12. Bxf6 Qxf6 13. Rd1 O-O 14.
O-O Rd8 15. b4 a6 16. a4 b5 17. axb5 axb5 18. Qb2 Bb7 19. Nxd4 Nxd4 20. Bxb7 Nf3+ 21. Bxf3 Qxb2 22. Rb1 Qf6 23. Rfc1 Rac8 0-1

[Event "Early-Titled-Tuesday-Blitz-April-02-2024"]
[Site "Chess.com"]
[Date "2024.04.02"]
[Round "6"]
[White "tarno17"]
[Black "Irina_Mikhaylova"]
[Result "0-1"]
[WhiteElo "2147"]
[BlackElo "2328"]
[TimeControl "180+1"]
[EndTime "9:05:24 PDT"]
[Termination "Irina_Mikhaylova won by checkmate"]

1. e4 c5 2. Nf3 Nc6 3. Bb5 e6 4.
O-O Nge7 5. c3 Ng6 6. d4 cxd4 7. cxd4 d5 8. e5 Be7 9. Nc3 Bd7 10. Ne2 Ncxe5 11.
Bxd7+ Nxd7 12. Ng3 O-O 13. Be3 Rc8 14. Qa4 a6 15.
Rac1 Qb6 16. Qxd7 Rxc1 17. Rxc1 Qxb2 18. Rc8 h6 19. Rxf8+ Bxf8 20. Qa4 Qb1+ 21. Nf1 Ne7 22. Qb3 Qxb3 23. axb3 a5 24. Ne5 b5 25. Bd2 a4 26.
bxa4 bxa4 27. Bb4 Nf5 28. Nd3 a3 29. Bxf8 a2 30. Nb4 a1=Q 31. h3 Nxd4 32. Bc5 Ne2+ 33.
Kh2 Qxf1 34. Nd3 Qg1# 0-1

[Event "Early-Titled-Tuesday-Blitz-April-02-2024"]
[Site "Chess.com"]
[Date "2024.04.02"]
[Round "6"]
[White "DonCiao"]
[Black "David_George21"]
[Result "0-1"]
[WhiteElo "2015"]
[BlackElo "2353"]
[TimeControl "180+1"]
[EndTime "9:05:25 PDT"]
[Termination "David_George21 won by resignation"]

1. c4 c5 2. g3 g6 3. Bg2 Bg7 4. Nc3 Nc6 5. Nf3 e5 6. O-O Nge7 7. a3 O-O 8. Rb1 f5 9. b4 e4 10. Ne1 d6 11. b5 Ne5 12. Qb3 Be6 13. d3 d5 14.
cxd5 Nxd5 15. Nxd5 Bxd5 16. Qc2 exd3 17. Nxd3 Bxg2 18.
Kxg2 Qd5+ 19. Kg1 Nxd3 20. exd3 Rad8 21. Rd1 Bd4 22. Bg5 Rde8 23. Qc4 Qxc4 24. dxc4 Re2 25. Rf1 Rfe8 26. Rb3 Rc2 27. Be3 Bxe3 28. fxe3 Rxc4 29. Rf4 Rce4 30. Rxe4 Rxe4 31. b6 axb6 32. Rxb6 Rxe3 33. Rxb7 Rxa3 34. Rc7 Rc3 35. Kg2 c4 36. h4 Rc2+ 37. Kf3 h6 38. Ke3 c3 39. Kf3 Rc1 40. Kg2 c2 41.
Kh2 Kf8 42. Kg2 Ke8 43. Kh2 g5 44. h5 f4 45. gxf4 gxf4 46. Kg2 f3+ 0-1

[Event "Early-Titled-Tuesday-Blitz-April-02-2024"]
[Site "Chess.com"]
[Date "2024.04.02"]
[Round "6"]
[White "Ergali_Suleimen"]
[Black "campochess"]
[Result "1-0"]
[WhiteElo "2370"]
[BlackElo "2184"]
[TimeControl "180+1"]
[EndTime "9:05:26 PDT"]
[Termination "Ergali_Suleimen won by resignation"]

1. e4 c5 2. Nf3 Nc6 3. d4 cxd4 4.
Nxd4 e5 5. Nb5 a6 6. Nd6+ Bxd6 7. Qxd6 Qe7 8. Qd1 Nf6 9. Nc3 d6 10. Be2 Be6 11. O-O h6 12. f4 exf4 13. Bxf4 Rd8 14. Nd5 Bxd5 15. exd5 Ne5 16. Bf3 O-O 17. Re1 Rfe8 18.
Kh1 Qc7 19. Bxe5 Rxe5 20. Rxe5 dxe5 21. Qd3 Qc5 22. c4 Qf2 23. Qe2 Qc5 24. Qxe5 Qxc4 25.
Rd1 Qc2 26. d6 Qc8 27. h3 Qe6 28. Qxe6 fxe6 29. Bxb7 a5 30. Kg1 Kf8 31. Bc6 g5 32. Kf2 Nd7 33. Bxd7 Rxd7 34. Ke3 Kg7 35. Ke4 Kf6 36.
Rf1+ Kg6 37. Ke5 Rb7 38. b3 Rb4 39. Rf6+ Kg7 40. Rxe6 1-0

[Event "Early-Titled-Tuesday-Blitz-April-02-2024"]
[Site "Chess.com"]
[Date "2024.04.02"]
[Round "6"]
[White "Mr_ruthless"]
[Black "KnightmareJoker"]
[Result "1-0"]
[WhiteElo "2508"]
[BlackElo "2324"]
[TimeControl "180+1"]
[EndTime "9:05:27 PDT"]
[Termination "Mr_ruthless won by checkmate"]

1. Nf3 d5 2. g3 Nf6 3. Bg2 c5 4. c4 e6 5. O-O Bd6 6. b3 d4 7. e3 e5 8. exd4 exd4 9. Re1+ Be6 10. Ng5 Qd7 11. Nxe6 fxe6 12. d3 O-O 13. Nd2 Nc6 14.
Ne4 Ne5 15. Nxd6 Qxd6 16. Bf4 Nfd7 17. Qh5 Rf5 18. Qe2 Qb6 19. Bh3 Qc6 20. Bxf5 Nf3+ 21. Qxf3 Qxf3 22. Bxe6+ Kh8 23. Bxd7 Qxd3 24. Rad1 Qg6 25.
Bh3 Rf8 26. Bg2 b6 27. Be4 Qg4 28. f3 Qd7 29. Bd3 Qf7 30. Re5 Re8 31. Rde1 Rxe5 32. Rxe5 h6 33. Kg2 a5 34. h4 a4 35. h5 axb3 36.
axb3 Qa7 37. Re8# 1-0

[Event "Early-Titled-Tuesday-Blitz-April-02-2024"]
[Site "Chess.com"]
[Date "2024.04.02"]
[Round "6"]
[White "DenLaz"]
[Black "Suleyman_Chess06"]
[Result "1-0"]
[WhiteElo "3106"]
[BlackElo "2767"]
[TimeControl "180+1"]
[EndTime "9:05:28 PDT"]
[Termination "DenLaz won by resignation"]

1. d4 Nf6 2. c4 e6 3. Nf3 d5 4.
g3 Be7 5. Bg2 O-O 6. O-O dxc4 7.
Qc2 b5 8. a4 b4 9. Nbd2 b3 10.
Qxc4 Ba6 11. Qxb3 Bxe2 12. Re1 Ba6 13. Ne5 Nd5 14. Ndc4 c6 15. Bd2 Qc7 16. Rac1 Rc8 17. Na5 Qb6 18. Qxb6 axb6 19. Naxc6 Nxc6 20. Nxc6 Bf6 21. Nb4 Bb7 22. Nxd5 Bxd5 23. Bxd5 exd5 24. Be3 h5 25. b3 Kh7 26. Kf1 b5 27. Rxc8 Rxc8 28. Rc1 Rb8 29. a5 Be7 30. Rc7 Bb4 31. Rxf7 Bxa5 32. Rd7 Bc3 33. Rxd5 b4 34. Rxh5+ Kg6 35. Ra5 Rd8 36. Ke2 Bxd4 37. Bxd4 Rxd4 38. Rb5 Kf6 39. Ke3 Rd1 40. Rxb4 Kf5 41. h4 Kg6 42. Rb5 Kh6 43. b4 Rb1 44. Rb8 Rb3+ 45. Ke4 Rb2 46. Kf3 g6 47. b5 Rb3+ 48. Kg2 Rb2 49. b6 Kh7 50. b7 Rb1 51. f4 Rb3 52. g4 Rb4 53. f5 Rxg4+ 54. Kf3 Rb4 55. f6 Rb6 56. Ke3 Rxf6 57. Rc8 Re6+ 58. Kd4 Rb6 59. b8=Q 1-0

[Event "Early-Titled-Tuesday-Blitz-April-02-2024"]
[Site "Chess.com"]
[Date "2024.04.02"]
[Round "6"]
[White "shimastream"]
[Black "flawian2008"]
[Result "1-0"]
[WhiteElo "3001"]
[BlackElo "2502"]
[TimeControl "180+1"]
[EndTime "9:05:28 PDT"]
[Termination "shimastream won by resignation"]

1. e4 c5 2. Nf3 Nc6 3. Nc3 g6 4. d4 cxd4 5. Nxd4 Bg7 6. Nxc6 bxc6 7. Bc4 d6 8. O-O Nf6 9. e5 dxe5 10. Qxd8+ Kxd8 11. Re1 e6 12. Rxe5 Nd7 13. Re1 Nb6 14. Bd3 a5 15. Bf4 Nd5 16. Bd2 Ba6 17. Bxa6 Rxa6 18.
Na4 Ke7 19. Rad1 Rb8 20. b3 Nb4 21. Bg5+ f6 22. Nc5 fxg5 23. Rd7+ Kf8 24. Nxe6+ Kg8 25.
Rxg7+ Kh8 26. Re7 Nxc2 27. Rd1 c5 28. Rdd7 Rxe6 29. Rxe6 Nd4 30. Ree7 a4 31. Rxh7+ Kg8 32. Rdg7+ Kf8 33. Rxg6 axb3 34. Rh8+ Kf7 35. Rxb8 Kxg6 36. axb3 Kf5 37. Kf1 Ke4 38. g3 Kd3 39. h4 gxh4 40. gxh4 Kc3 41. h5 Nxb3 42. h6 Nd2+ 43. Ke2 c4 44. h7 1-0

[Event "Early-Titled-Tuesday-Blitz-April-02-2024"]
[Site "Chess.com"]
[Date "2024.04.02"]
[Round "6"]
[White "mishanick"]
[Black "chess123456s"]
[Result "1-0"]
[WhiteElo "3027"]
[BlackElo "2595"]
[TimeControl "180+1"]
[EndTime "9:05:31 PDT"]
[Termination "mishanick won on time"]

1. e4 e5 2. Nf3 Nc6 3. Bb5 a6 4. Bxc6 dxc6 5. d3 f6 6. Nbd2 Bd6 7. Nc4 Be6 8. a4 Ne7 9. Nxd6+ cxd6 10. b3 O-O 11. Ba3 Qd7 12. Nd2 f5 13. O-O Kh8 14. f3 f4 15. c3 c5 16. d4 cxd4 17. cxd4 exd4 18. Qe2 d5 19. exd5 Nxd5 20. Bxf8 Rxf8 21.
Qe5 Nc3 22. Rfe1 Bg8 23. Qe7 Qf5 24. Re5 Qc8 25. Rc5 Qb8 26. Re1 b5 27. axb5 axb5 28. h4 b4 29. Qe5 Qd8 30. Rc7 Bf7 31. Qe7 Qxe7 32. Rexe7 Kg8 33. Red7 Bg6 34. Rxg7+ Kh8 35. h5 Bc2 36. h6 Re8 37. Rge7 Ra8 38. Ne4 Bxe4 39. fxe4 Ne2+ 40. Kh2 Kg8 41. Rxh7 1-0

[Event "Early-Titled-Tuesday-Blitz-April-02-2024"]
[Site "Chess.com"]
[Date "2024.04.02"]
[Round "6"]
[White "BVB009"]
[Black "jumpingknight20"]
[Result "1/2-1/2"]
[WhiteElo "2840"]
[BlackElo "2692"]
[TimeControl "180+1"]
[EndTime "9:05:33 PDT"]
[Termination "Game drawn by repetition"]

1. d4 Nf6 2. c4 e6 3. Nf3 d5 4. g3 Be7 5. Bg2 O-O 6. Qc2 c5 7. dxc5 Nc6 8. cxd5 Qxd5 9. Nc3 Qxc5 10. O-O Nd5 11.
Bd2 Bf6 12. Rac1 Nxc3 13. Bxc3 Bxc3 14. Qxc3 Qxc3 15. Rxc3 Rd8 16. Rfc1 e5 17. e3 h6 18. a3 Be6 19. b4 a6 20. h3 e4 21.
Nh2 f5 22. g4 g6 23. gxf5 gxf5 24. Nf1 Kf7 25. Ng3 Rac8 26. Nh5 Ne5 27. Nf4 Rxc3 28.
Rxc3 Rd1+ 29. Kh2 Bc4 30. Kg3 Rd2 31. f3 exf3 32. Bxf3 b5 33. Bb7 Rd6 34. h4 Kf6 35. Bg2 Rd2 36. Bb7 Rd6 37. Nh5+ Kg6 38. Nf4+ Kf6 1/2-1/2

[Event "Early-Titled-Tuesday-Blitz-April-02-2024"]
[Site "Chess.com"]
[Date "2024.04.02"]
[Round "6"]
[White "zajka-molotok"]
[Black "N_I_Chess"]
[Result "1-0"]
[WhiteElo "2550"]
[BlackElo "2372"]
[TimeControl "180+1"]
[EndTime "9:05:33 PDT"]
[Termination "zajka-molotok won on time"]

1. b3 Nf6 2. Bb2 b6 3. e3 Bb7 4. Nf3 d6 5. d4 g6 6. Be2 Bg7 7. O-O O-O 8. c4 Nbd7 9. Nc3 Re8 10. Qc2 e5 11. Rad1 a6 12. d5 Nh5 13. g3 f5 14.
Nd2 Nhf6 15. f4 h6 16. e4 exf4 17. exf5 g5 18. gxf4 Qe7 19. Rde1 Qe3+ 20. Kh1 c6 21. Bf3 Qxe1 22. Rxe1 Rxe1+ 23. Kg2 cxd5 24. fxg5 hxg5 25. Nxd5 Rb8 26. Kf2 Ree8 27. Nc7 Re7 28. Ne6 Bxf3 29. Nxf3 g4 30. Nfg5 1-0

[Event "Early-Titled-Tuesday-Blitz-April-02-2024"]
[Site "Chess.com"]
[Date "2024.04.02"]
[Round "6"]
[White "Rutricks"]
[Black "zverr1"]
[Result "1-0"]
[WhiteElo "2711"]
[BlackElo "2554"]
[TimeControl "180+1"]
[EndTime "9:05:34 PDT"]
[Termination "Rutricks won on time"]

1. Nc3 c6 2. b3 d5 3. Bb2 Nf6 4. d4 g6 5. Qd2 Bg7 6. f3 O-O 7. e4 dxe4 8. fxe4 e5 9. d5 Ng4 10. h3 Qh4+ 11. Ke2 b6 12. Nf3 Ba6+ 13. Kd1 Qh5 14.
Rg1 Bh6 15. hxg4 Qxg4 16. Qe1 Bxf1 17. Rxf1 Nd7 18. Bc1 1-0

[Event "Early-Titled-Tuesday-Blitz-April-02-2024"]
[Site "Chess.com"]
[Date "2024.04.02"]
[Round "6"]
[White "ritanovikova"]
[Black "KVAIDAN"]
[Result "1-0"]
[WhiteElo "2142"]
[BlackElo "2308"]
[TimeControl "180+1"]
[EndTime "9:05:34 PDT"]
[Termination "ritanovikova won by resignation"]

1. e4 e5 2. Nf3 d5 3. Nxe5 Bd6 4. d4 dxe4 5. Bc4 Bxe5 6. dxe5 Qxd1+ 7. Kxd1 Nc6 8. Bf4 Bg4+ 9. Kc1 Nge7 10. h3 Bh5 11. e6 fxe6 12. Bxc7 Rc8 13. Bg3 Nd4 14. b3 e3 15.
fxe3 Rxc4 16. bxc4 Ne2+ 17. Kb2 Nxg3 18. Re1 O-O 19.
Nc3 Rf2 20. Rg1 Bg6 21. Rac1 Nc6 22. e4 Nxe4 23. Nxe4 Bxe4 24. g4 Nb4 25. Rge1 Nd3+ 26. Kc3 Nxe1 27. Rxe1 Rxc2+ 28. Kd4 Bg6 29. a4 Bf7 30. Kc5 e5 31. Rxe5 Rxc4+ 32. Kb5 Rc6 33. a5 a6+ 34. Kb4 Re6 35. Rc5 Kf8 36. Rc7 Re7 37.
Rc8+ Be8 38. Kc5 Kf7 39. Kb6 Bc6 40. Rd8 Bg2 41. Rd3 g5 42. Rc3 h6 43. Rg3 Kf6 44. Rxg2 Ke5 45. Re2+ Kd6 46. Rxe7 Kxe7 47. Kxb7 Kd7 48. Kxa6 Kc6 49. Ka7 Kc7 50. Ka8 Kc6 51. Kb8 Kb5 52. Kc7 Kxa5 53. Kd6 Kb5 54. Ke5 Kc5 55.
Kf6 Kd5 56. Kg6 Ke5 57. Kxh6 Kf6 58. Kh5 1-0

[Event "Early-Titled-Tuesday-Blitz-April-02-2024"]
[Site "Chess.com"]
[Date "2024.04.02"]
[Round "6"]
[White "GolfBeforeChess"]
[Black "ural58"]
[Result "0-1"]
[WhiteElo "2307"]
[BlackElo "2470"]
[TimeControl "180+1"]
[EndTime "9:05:36 PDT"]
[Termination "ural58 won by resignation"]

1. Nf3 Nc6 2. c4 e5 3. g3 e4 4. Ng1 d5 5. cxd5 Qxd5 6. Nc3 Qe5 7. Bg2 Nf6 8. d3 Bb4 9. Bf4 Bxc3+ 10. bxc3 Qxc3+ 11. Bd2 Qe5 12. dxe4 Nxe4 13. Nf3 Qe7 14. O-O O-O 15.
Be3 Bg4 16. Rb1 Nc3 17. Qb3 Nxb1 18. Rxb1 Rab8 19. Qa4 Bf5 20. Rb5 Bd7 21. Qf4 Qd6 22.
Qh4 Qd1+ 23. Bf1 f5 24. Qc4+ Kh8 25. Rd5 Be6 26. Rxd1 Bxc4 27. Rd7 Rf7 28. Rd2 Rd8 29. Rb2 Rd1 30. Ng5 Rf8 31. Kg2 h6 32. Nh3 g5 33.
f4 g4 34. Nf2 Ra1 35. Rxb7 Re8 36. Rxc7 Rxe3 37. Rxc6 Bxe2 38. Bxe2 Rxe2 39. Ra6 Raxa2 0-1

[Event "Early-Titled-Tuesday-Blitz-April-02-2024"]
[Site "Chess.com"]
[Date "2024.04.02"]
[Round "6"]
[White "CarlosjPineror"]
[Black "HeroWilczek"]
[Result "1-0"]
[WhiteElo "2684"]
[BlackElo "2550"]
[TimeControl "180+1"]
[EndTime "9:05:37 PDT"]
[Termination "CarlosjPineror won by resignation"]

1. e4 e6 2. d4 d5 3. e5 c5 4. c3 Nc6 5. Nf3 Bd7 6. a3 c4 7.
Nbd2 Na5 8. g3 Ne7 9. h4 Nc8 10. Bh3 Nb6 11. O-O Ba4 12. Qe2 Nb3 13. Nxb3 Bxb3 14.
Nd2 Be7 15. Nxb3 cxb3 16. Qb5+ Qd7 17. Qxb3 Qa4 18. Qxa4+ Nxa4 19. Rd1 O-O 20. Bf1 a6 21. Bd3 b5 22. Rb1 Rfc8 23. Bd2 Rab8 24. Rdc1 h6 25. h5 Kf8 26. b3 Nb6 27. Ra1 Ra8 28. Kf1 Ke8 29. Ke2 Kd7 30. f4 Rc7 31. g4 Nc8 32. Rg1 Na7 33. g5 a5 34. b4 Nc8 35. Bxb5+ Kd8 36.
gxh6 1-0

[Event "Early-Titled-Tuesday-Blitz-April-02-2024"]
[Site "Chess.com"]
[Date "2024.04.02"]
[Round "6"]
[White "Kopytkin"]
[Black "AnaKuchava"]
[Result "1-0"]
[WhiteElo "2410"]
[BlackElo "2176"]
[TimeControl "180+1"]
[EndTime "9:05:37 PDT"]
[Termination "Kopytkin won on time"]

1. d4 d5 2. Bg5 c5 3. e3 Nc6 4. c3 cxd4 5. exd4 Bf5 6. Qb3 Qd7 7.
Nf3 e6 8. Nbd2 f6 9. Bf4 g5 10. Be3 h5 11. h4 g4 12. Ng1 Nh6 13. Ne2 Bd3 14. Nf4 Bxf1 15. Nxf1 Nf5 16. Ng3 Nxe3 17.
fxe3 Qf7 18. Rf1 Bd6 19. e4 dxe4 20. Nxe4 O-O-O 21. Nxe6 Rd7 22. N6c5 Re7 23. Qxf7 1-0

[Event "Early-Titled-Tuesday-Blitz-April-02-2024"]
[Site "Chess.com"]
[Date "2024.04.02"]
[Round "6"]
[White "LLariMarc"]
[Black "SteinerPro12"]
[Result "1-0"]
[WhiteElo "2413"]
[BlackElo "2173"]
[TimeControl "180+1"]
[EndTime "9:05:37 PDT"]
[Termination "LLariMarc won on time"]

1. d4 d5 2. Nf3 Nf6 3. Bg5 h6 4.
Bxf6 exf6 5. e3 c6 6. Nbd2 f5 7. c4 dxc4 8. Bxc4 g6 9. Ne5 Be6 10. Bxe6 fxe6 11. Nxg6 Rg8 12. Qh5 Kd7 13. Ne5+ Kc7 14.
g3 Qf6 15. O-O Nd7 16. Nxd7 Kxd7 17. Rac1 Rg5 18. Qf3 h5 19. h4 Rg4 20. Kh2 Bd6 21. Kh3 Rxh4+ 22. gxh4 Rg8 23. Rg1 Rg4 24. Rg3 Qxh4+ 25.
Kg2 Bxg3 26. fxg3 Qg5 27. Nf1 h4 28. Rc5 Re4 29. Ra5 hxg3 30. Rxa7 Kc7 31. Qxg3+ Qxg3+ 32. Kxg3 Rg4+ 33. Kf3 Rg1 34. Nd2 Rd1 35. Ke2 Rc1 36. Kd3 Kb8 37. Ra3 Rh1 38. Rc3 Kc7 39. a4 Ra1 40. Ra3 Rh1 41. a5 Kb8 42. b4 Rc1 43.
Rc3 Ra1 44. Nc4 Rb1 45. a6 Rxb4 46. axb7 Rb5 47. Ne5 Kxb7 48. Nxc6 Rb1 49. Nd8+ Kb6 50. Nxe6 Rf1 51. Nf4 Rd1+ 52. Ke2 Rh1 53. Rc8 1-0

[Event "Early-Titled-Tuesday-Blitz-April-02-2024"]
[Site "Chess.com"]
[Date "2024.04.02"]
[Round "6"]
[White "djokovic74"]
[Black "AjedrezenMadrid"]
[Result "1-0"]
[WhiteElo "2750"]
[BlackElo "2563"]
[TimeControl "180+1"]
[EndTime "9:05:38 PDT"]
[Termination "djokovic74 won by resignation"]

1. c4 b6 2. Nc3 Bb7 3. d3 c5 4. Nf3 g6 5. g3 Bg7 6. Bg2 Nf6 7. O-O O-O 8. e4 Nc6 9. Re1 d6 10. h3 Nd7 11. Be3 Nde5 12. Nxe5 dxe5 13. Rc1 Qd7 14. Qe2 Nd4 15. Bxd4 exd4 16. Nd5 e6 17. Nf4 e5 18. Nd5 f5 19. exf5 gxf5 20. f4 Rae8 21. fxe5 Bxe5 22. Qf2 Kh8 23. Nf4 Bxg2 24. Kxg2 Qg7 25. Qf3 Bxf4 26. Qxf4 Re3 27. Rxe3 dxe3 28. Qxe3 f4 29. Qd2 Qxg3+ 30. Kh1 Qxh3+ 31. Qh2 Qf3+ 32. Qg2 Qxd3 33.
Rg1 Qd4 34. Qf3 Qf6 35. Rg2 Qh4+ 36. Kg1 Re8 37. Qc3+ 1-0

[Event "Early-Titled-Tuesday-Blitz-April-02-2024"]
[Site "Chess.com"]
[Date "2024.04.02"]
[Round "6"]
[White "Kushch_Nikolai"]
[Black "HanSchut"]
[Result "0-1"]
[WhiteElo "2422"]
[BlackElo "2269"]
[TimeControl "180+1"]
[EndTime "9:05:38 PDT"]
[Termination "HanSchut won by checkmate"]

1. Nf3 Nf6 2. c4 g6 3. b4 d5 4. e3 Bg7 5. Bb2 O-O 6. d4 c6 7.
Nbd2 Bf5 8. Be2 Ne4 9. O-O a5 10. b5 dxc4 11. Bxc4 cxb5 12. Bxb5 Qb6 13. Qb3 Nd6 14. Be2 Qa7 15. a4 Nc6 16. Ba3 Rfd8 17. Bc5 Qb8 18. Rac1 Ne4 19. Nxe4 Bxe4 20. Bc4 e6 21.
Bxe6 Bxf3 22. Bxf7+ Kh8 23. gxf3 Qc8 24. Be6 Qc7 25.
Bb6 Qe7 26. Bxd8 Rxd8 27. f4 Bxd4 28. exd4 Nxd4 29. Qb6 Rd6 30. Rc8+ Kg7 31. Rg8+ Kh6 32. Qc5 Nf3+ 33. Kh1 Qh4 34. h3 Rxe6 35. Qc1 Qxh3# 0-1

[Event "Early-Titled-Tuesday-Blitz-April-02-2024"]
[Site "Chess.com"]
[Date "2024.04.02"]
[Round "6"]
[White "JCVanDamme10"]
[Black "AlphaGoosee"]
[Result "0-1"]
[WhiteElo "2350"]
[BlackElo "2527"]
[TimeControl "180+1"]
[EndTime "9:05:39 PDT"]
[Termination "AlphaGoosee won by resignation"]

1. e4 c5 2. Nf3 d6 3. d4 cxd4 4. Nxd4 Nf6 5. Nc3 a6 6. h3 e5 7. Nde2 h5 8. Bg5 Be6 9. Qd2 Be7 10. O-O-O Nbd7 11. Kb1 b5 12. f3 Nb6 13. Bxf6 gxf6 14. Nd5 Nxd5 15. exd5 Bd7 16. Nc3 f5 17. Bd3 h4 18.
Rde1 b4 19. Nd1 a5 20. Ne3 Qc8 21. Nc4 Qc7 22. Ne3 Bg5 23. Qe2 Bxe3 24. Qxe3 Kf8 25. Qg5 Qd8 26. Qd2 f4 27. c3 bxc3 28. Qxc3 Rg8 29.
Re2 Rb8 30. Rc1 Qb6 31. Ka1 Ke7 32. Qa3 Qb4 33. Qxb4 Rxb4 34. Rc4 Rc8 35. a3 Rbxc4 36.
Bxc4 Rxc4 37. Ka2 a4 38. Kb1 Rd4 39. Kc1 Rxd5 40. Re4 f5 41. Rb4 Rb5 42. Rxb5 Bxb5 43. Kd2 d5 0-1

[Event "Early-Titled-Tuesday-Blitz-April-02-2024"]
[Site "Chess.com"]
[Date "2024.04.02"]
[Round "6"]
[White "maurovargas01"]
[Black "joselito22"]
[Result "0-1"]
[WhiteElo "1857"]
[BlackElo "2203"]
[TimeControl "180+1"]
[EndTime "9:05:40 PDT"]
[Termination "joselito22 won by resignation"]

1. e4 c5 2. Nc3 Nc6 3. f4 g6 4. Nf3 Bg7 5. Bb5 Nd4 6. Bf1 e6 7. d3 Ne7 8. g3 d6 9. Bg2 O-O 10. O-O Rb8 11. Ne2 b5 12. c3 Nxf3+ 13. Bxf3 b4 14. Be3 bxc3 15. bxc3 Qa5 16. Bd2 Qa6 17. c4 Bd7 18. Bc3 Bxc3 19. Nxc3 Rb2 20. Qc1 Rfb8 21. Rf2 Rxf2 22. Kxf2 Qa5 23. a4 a6 24.
Qc2 Nc6 25. Rb1 Rb4 26. Rxb4 Qxb4 27. h3 Nd4 28. g4 Nxc2 0-1

[Event "Early-Titled-Tuesday-Blitz-April-02-2024"]
[Site "Chess.com"]
[Date "2024.04.02"]
[Round "6"]
[White "Lucky_Puncher"]
[Black "maximnovik"]
[Result "0-1"]
[WhiteElo "2495"]
[BlackElo "2598"]
[TimeControl "180+1"]
[EndTime "9:05:41 PDT"]
[Termination "maximnovik won by resignation"]

1. d4 Nf6 2. c4 g6 3. Nc3 d5 4.
Nf3 Bg7 5. h4 c5 6. dxc5 Be6 7.
cxd5 Nxd5 8. Nxd5 Qxd5 9. Qxd5 Bxd5 10. e3 O-O 11. h5 Nd7 12. hxg6 hxg6 13. Nd4 Nxc5 14.
Bd2 Rac8 15. f3 Rfd8 16. Be2 a6 17. Bb4 e5 18. Nc2 Na4 19. Na3 Nxb2 20. Kf2 e4 21.
fxe4 Bxe4 22. Rac1 b5 23. Ba5 Re8 24. Nb1 Bc2 25. Nd2 Nd3+ 26. Bxd3 Bxd3 27. Nf3 Bc4 28. Rhd1 Bxa2 29. Rxc8 Rxc8 30. Rd6 Bc4 31. Rxa6 Rb8 32. Bb4 Bf8 33. Bxf8 Kxf8 34. Nd4 b4 35. Rc6 b3 36. Nf3 Bd5 37. Rc1 b2 38. Rc8+ 0-1

[Event "Early-Titled-Tuesday-Blitz-April-02-2024"]
[Site "Chess.com"]
[Date "2024.04.02"]
[Round "6"]
[White "toninhojit"]
[Black "slidingknight2775"]
[Result "0-1"]
[WhiteElo "2491"]
[BlackElo "2596"]
[TimeControl "180+1"]
[EndTime "9:05:41 PDT"]
[Termination "slidingknight2775 won by resignation"]

1. d4 Nf6 2. c4 g6 3. Nc3 Bg7 4.
e4 d6 5. Be2 c5 6. d5 O-O 7.
Bg5 e6 8. Qd2 exd5 9. exd5 Re8 10.
Nf3 Bg4 11. O-O Bxf3 12. Bxf3 a6 13. Rae1 Nbd7 14. Rxe8+ Qxe8 15. Re1 Qf8 16. Bf4 Re8 17. Rxe8 Nxe8 18. Bg4 Ne5 19. Be2 h5 20. h3 Kh7 21.
a3 Bh6 22. b4 Bxf4 23. Qxf4 Qe7 24. Kf1 Qf6 25. Qxf6 Nxf6 26. bxc5 dxc5 27. Na4 Ned7 28. g4 hxg4 29. hxg4 Ne8 30. Ke1 Nd6 31. f4 f6 32.
Bd3 Kg7 33. Kd2 g5 34. Ke3 gxf4+ 35. Kxf4 b6 36. Bf5 Ne5 37. Nxb6 Nexc4 38. Nxc4 Nxc4 39. Bd3 Nxa3 40. Bxa6 Kf7 41. Kf5 c4 42. d6 c3 43. Bd3 c2 44. Bxc2 Nxc2 45. d7 Nd4+ 46. Ke4 Ne6 47. Kf5 Ng7+ 48. Kf4 Ke7 0-1